 Dungeon Crawl Stone Soup version 0.25.1-2-g60ff931df9 (webtiles) character file.

Game seed: 9960942402064596897

1355 Acheron the Magician (level 8, -2/63 HPs)
             Began as a Hill Orc Wizard on Aug 24, 2020.
             Slain by an orc warrior
             ... wielding a +0 halberd
              (22 damage)
             ... on level 6 of the Dungeon.
             The game lasted 01:05:59 (7365 turns).

Acheron the Magician (Hill Orc Wizard)              Turns: 7365, Time: 01:05:59

Health: -2/63      AC:  8    Str: 10    XL:     8   Next: 63%
Magic:  8/13       EV: 11    Int: 18    God:
Gold:   228        SH:  5    Dex: 17    Spells: 4/14 levels left

rFire    . . .     SeeInvis .   t - +1 war axe
rCold    . . .     Gourm    .   (no shield)
rNeg     . . .     Faith    .   f - +2 ring mail {MR+}
rPois    .         Spirit   .   b - +1 hat
rElec    .         Reflect  +   (no cloak)
rCorr    .         Harm     .   (no gloves)
MR       +....                  (no boots)
Stlth    ++........             s - amulet of reflection
HPRegen  0.20/turn              p - +6 ring of dexterity
MPRegen  0.13/turn              (no ring)

@: very slightly contaminated, studying Bows
A: no striking features
a: no special abilities


You were on level 6 of the Dungeon.
You were not hungry.

You visited 2 branches of the dungeon, and saw 8 of its levels.

You collected 228 gold pieces.

Inventory:

Hand Weapons
 g - a +1 dagger
 h - a cursed +0 hunting sling
 n - a +1 hunting sling of freezing
 r - a +0 flail
 t - a +1 war axe (weapon)
Missiles
 c - 122 stones
 j - 2 boomerangs (quivered)
 k - 39 poisoned darts
Armour
 b - a +1 hat (worn)
 f - a +2 ring mail of magic resistance (worn)
 m - a +0 chain mail of fire resistance
 q - the +4 ring mail of Avant Garde Miracles {-Tele Str+5 Dex+7, unknown}
   (You found it on level 6 of the Dungeon)

   It affects your strength (+5).
   It affects your dexterity (+7).
   It prevents most forms of teleportation.
 v - a +0 leather armour
Jewellery
 p - a +6 ring of dexterity (left hand)
 s - an amulet of reflection (around neck)
Scrolls
 a - a scroll of immolation
 l - a scroll of remove curse
Potions
 e - 2 potions of lignification
 i - 2 potions of degeneration {unknown}
 o - a potion of mutation {unknown}
Books
 u - a manual of Bows
Comestibles
 d - 2 rations


   Skills:
 * Level 3.4 Fighting
 + Level 1.7 Short Blades
 * Level 3.6 Axes
 * Level 2.3 Throwing
 * Level 3.3 Armour
 * Level 2.8 Dodging
 * Level 3.0 Stealth
 * Level 3.6 Spellcasting
 * Level 3.2 Conjurations
 * Level 1.3 Hexes
 * Level 3.0 Summonings
 * Level 2.3 Translocations
 * Level 0.4 Fire Magic


You had 4 spell levels left.
You knew the following spells:

 Your Spells              Type           Power        Failure   Level  Hunger
a - Magic Dart            Conj           ##..         10%         1    None
b - Blink                 Tloc           N/A          22%         2    ##.....
c - Call Imp              Summ           ##......     16%         2    ##.....
d - Slow                  Hex            #.......     32%         2    ##.....
e - Conjure Flame         Conj/Fire      ##......     45%         3    ###....

Your spell library contained the following spells:

 Spells                   Type           Power        Failure   Level  Hunger
 Mephitic Cloud           Conj/Pois/Air  #.......     56%         3    ###....


Dungeon Overview and Level Annotations

Branches:
Dungeon (7/15)             Temple (1/1) D:5

Altars:
Ashenzari
Elyvilon
Fedhas
Hepliaklqana
Makhleb
Nemelex Xobeh
Trog
Uskayaw
Vehumet
Wu Jian
Xom
Zin
The Shining One

Annotations:
D:2 Terence
D:3 Grinder, Ijyb
D:4 exclusion: upstairs, Blork the orc
D:5 exclusions: 2 downstairs and 2 upstairs
D:6 exclusion: 2 downstairs, Duvessa, Maggie


Message History

The orc warrior hits you with a +0 halberd!
Something barely misses your crimson imp.
You barely miss the orc warrior.
The orc warrior is heavily wounded.
Your crimson imp misses the orc warrior.
Your shadow imp hits the orc warrior but does no damage.
Something hits your crimson imp. The orc warrior barely misses you.
Your crimson imp hits the orc warrior.
Unknown command.
You hit the orc warrior.
The orc warrior is severely wounded.
Your shadow imp barely misses the orc warrior.
Something misses your crimson imp.
The orc warrior hits you with a +0 halberd!
Your crimson imp hits the orc warrior but does no damage.
Your shadow imp completely misses the orc warrior.
You barely miss the orc warrior.
The orc warrior is severely wounded.
The orc warrior hits you with a +0 halberd!!
You die...

#...# #...o)#.#........# #...#
#...##.##........#
#...######..#.#.#.........#
###...##......##.##..##.....#
##.....##.......o.#.#.##.....#
.......'.......#o##.#...)[>..#
.......##......#.#.#....[....#
..............55#o#..#.......#
....'''......#.o@##.##.......#
....###...##.#.....###.....###
....# #...##.#.......#.....##
....#
#...##.#.......##+#...###
....#
#.................#...#.#
#####
###.........#.....#...#.###
#.........#..............
....#....#......#.......
....#....#####..#.......


You could see an orc warrior, an orc, a friendly crimson imp (summoned) and a
friendly shadow imp (summoned).

Vanquished Creatures
  2 ice beasts (D:5)
  2 sky beasts
  3 bullfrogs
  A vampire bat (D:5)
  A jelly (D:5)
  An orc wizard (D:6)
  4 orc priests
  3 bullfrog skeletons
  A hound (D:5)
  A worker ant (D:4)
  3 adders
  An ooze (D:3)
  A leopard gecko (D:1)
  12 orcs
  2 ball pythons
  5 giant cockroaches
  3 goblins
  4 hobgoblins
  5 jackals
  3 kobolds
  A quokka (D:4)
  12 bats
  7 frilled lizards
  A leopard gecko zombie (D:5)
  8 rats
87 creatures vanquished.

Vanquished Creatures (collateral kills)
  2 sky beasts (D:6)
  A centaur (D:5)
  A bullfrog (D:6)
  Dowan (D:6)
  A howler monkey (D:6)
  A bullfrog zombie (D:6)
  2 hounds (D:5)
  A jelly (D:5)
  A worker ant (D:6)
  An adder (D:6)
  2 adder skeletons (D:5)
  An orc (D:7)
  A jackal (D:7)
16 creatures vanquished.

Vanquished Creatures (others)
  4 toadstools (D:1)
4 creatures vanquished.

Grand Total: 107 creatures vanquished

Notes
Turn   | Place    | Note
-------+----------+-------------------------------------------
     0 | D:1      | Acheron the Hill Orc Wizard began the quest for the Orb.
     0 | D:1      | Reached XP level 1. HP: 14/14 MP: 3/3
   212 | D:1      | Reached XP level 2. HP: 12/22 MP: 0/5
   448 | D:1      | Learned a level 2 spell: Blink
   451 | D:1      | Learned a level 2 spell: Call Imp
   561 | D:1      | Reached skill level 1 in Fighting
   914 | D:1      | Reached XP level 3. HP: 25/28 MP: 4/7
   918 | D:1      | Reached skill level 1 in Translocations
  1122 | D:2      | Noticed Terence
  1292 | D:3      | Reached skill level 1 in Armour
  1647 | D:3      | Noticed Ijyb
  1788 | D:4      | Noticed a sky beast
  1807 | D:4      | Reached XP level 4. HP: 35/35 MP: 8/8
  1817 | D:4      | Killed a sky beast
  1817 | D:4      | Reached XP level 5. HP: 35/41 MP: 9/9
  2136 | D:5      | Entered Level 5 of the Dungeon
  2180 | D:4      | Noticed Blork the orc
  2199 | D:5      | Reached skill level 1 in Short Blades
  2199 | D:5      | Reached skill level 1 in Throwing
  2199 | D:5      | Reached XP level 6. HP: 48/48 MP: 4/10
  2467 | D:6      | Noticed Maggie
  2534 | D:5      | Noticed an ice beast
  2546 | D:5      | Killed an ice beast
  2930 | D:4      | Found a white marble altar of Elyvilon.
  3100 | D:3      | Noticed Grinder
  3395 | D:4      | Noticed an orc warrior
  3527 | D:6      | Got a bloodstained ring mail
  3599 | D:5      | Reached XP level 7. HP: 42/56 MP: 11/11
  3818 | D:5      | Found a staircase to the Ecumenical Temple.
  3828 | Temple   | Entered the Ecumenical Temple
  4278 | D:6      | Reached skill level 1 in Axes
  4355 | D:5      | Learned a level 2 spell: Slow
  4689 | D:6      | Noticed Duvessa
  5042 | D:5      | Learned a level 3 spell: Conjure Flame
  5465 | D:6      | Reached XP level 8. HP: 54/63 MP: 9/13
  5537 | D:7      | Noticed a hippogriff
  5616 | D:6      | Noticed Dowan
  6107 | D:6      | Reached skill level 1 in Hexes
  7010 | D:6      | Killed Dowan
  7365 | D:6      | Slain by an orc warrior

Illustrated notes

Levels and vault maps discovered:
D:1:      ldierk_walled_garden_2, layout_rooms, minmay_misc_feat_pillars,
          st_stairs_13
D:2:      layout_rooms, chequers_temple_overflow_minitemple,
          lemuel_blue_sif_altar, cheibriados_altar_1, uniq_terence
D:3:      layout_rooms, kennysheep_another_room, uniq_ijyb, uniq_grinder
D:4:      layout_loops_ring, elyvilon_altar_4, grunt_temple_overflow_open,
          roderic_batcave, grunt_ministairs_1, uniq_blork_the_orc
D:5:      layout_cave_pools, temple_hall, first_ration
D:6:      layout_basic, minmay_manual_mess, uniq_duvessa, uniq_maggie
D:7:      layout_rooms
Temple:   minmay_temple_bridge_abc

Skill      XL: |  1  2  3  4  5  6  7  8 |
---------------+-------------------------+-----
Fighting       | 1 2 3 |  3.4
Translocations | 1 2 |  2.3
Armour         | 1 2 3 |  3.3
Dodging        | 2 |  2.8
Stealth        | 2 3 |  3.0
Conjurations   | 2 3 |  3.2
Short Blades   | 1 |  1.7
Throwing       | 1 2 |  2.3
Spellcasting   | 3 |  3.6
Summonings     | 2 3 |  3.0
Axes           | 2 3 |  3.6
Hexes          | 1 |  1.3
Fire Magic     | |  0.4

Action                   |  1- 3 |  4- 6 |  7- 9 || total
-------------------------+-------+-------+-------++-------
Melee: Dagger            |    81 |   104 |       ||   185
       Unarmed           |     8 |       |       ||     8
       War axe           |       |    12 |   129 ||   141
Throw: Boomerang         |       |     3 |     4 ||     7
 Cast: Magic Dart        |    76 |    17 |    29 ||   122
       Call Imp          |       |     5 |    45 ||    50
  Use: Scroll            |     4 |     7 |     4 ||    15
       Potion            |     2 |       |       ||     2
 Stab: Distracted        |       |     1 |     1 ||     2
  Eat: Chunk             |     3 |     2 |     4 ||     9
       Ration            |       |     1 |     3 ||     4
Armor: Robe              |     6 |       |       ||     6
       Ring mail         |    40 |    69 |    61 ||   170
       Skin              |     7 |     3 |       ||    10
Dodge: Dodged            |    79 |    78 |    96 ||   253
Block: Other             |       |       |     7 ||     7
